 Dungeon Crawl Stone Soup version 0.25.0-17-g773c8c6189 (webtiles) character file.

Game seed: 12754557547376400845

10411 hapalochlaena the Carver (level 11, 0/77 HPs)
             Began as an Octopode Fighter on June 30, 2020.
             Was a Priest of Dithmenos.
             Slain by a minotaur
             ... wielding the +7 quick blade "Gimble" {protect}
              (17 damage)
             ... in a Gauntlet.
             The game lasted 00:33:29 (12707 turns).

hapalochlaena the Carver (Octopode Fighter)        Turns: 12707, Time: 00:33:31

Health: 0/77       AC: 11    Str: 18    XL:     11   Next: 61%
Magic:  0/25       EV: 14    Int: 15    God:    Dithmenos [***...]
Gold:   598        SH: 19    Dex: 12    Spells: 10/10 levels left

rFire    + . .     SeeInvis .   c - +6 double sword (elec)
rCold    x . .     Gourm    .   b - +1 kite shield
rNeg     + + .     Faith    .   I - +2 hat
rPois    .         Spirit   +   e - brooch of Shielding {Spirit SH+8}
rElec    .         Reflect  .   q - ring of flight
rCorr    .         Harm     .   v - ring of positive energy
MR       .....     NoTele   +   A - +4 ring of protection
Stlth    +++.......             O - +6 ring of intelligence
HPRegen  0.22/turn              P - ring of magical power
MPRegen  0.19/turn              n - +4 ring of protection
                                T - ring of positive energy
                                w - ring of fire

@: very slightly contaminated, wreathed by umbra, invisible
A: almost no armour, stealthy swim, amphibious, 8 rings, constrict 8, camouflage
1, dopey 1, gelatinous body 1
a: Shadow Step, Renounce Religion, Evoke Flight


You were in a Gauntlet.
You worshipped Dithmenos.
Dithmenos was most pleased with you.
You were not hungry.

You visited 1 branch of the dungeon, and saw 11 of its levels.
You also visited: Gauntlet.

You collected 1182 gold pieces.
You spent 584 gold pieces at shops.

Inventory:

Hand Weapons
 c - a +6 double sword of electrocution (weapon)
 s - a +3 dagger
Missiles
 m - 5 boomerangs
 r - 25 poisoned darts (quivered)
 H - 2 javelins
 N - 5 silver javelins
 U - 5 throwing nets
Armour
 b - a +1 kite shield (worn)
 I - a +2 hat (worn)
Jewellery
 e - the brooch of Shielding (around mantle) {Spirit SH+8}
   (You found it on level 5 of the Dungeon)

   [amulet of guardian spirit]

   It causes incoming damage to be split between your health and magic.
   It affects your SH (+8).
 n - a +4 ring of protection (on tentacle)
 q - a ring of flight (left tentacle)
 v - a ring of positive energy (right tentacle)
 w - a ring of fire (on tentacle)
 A - a +4 ring of protection (on tentacle)
 O - a +6 ring of intelligence (on tentacle)
 P - a ring of magical power (on tentacle)
 T - a ring of positive energy (on tentacle)
Wands
 C - a wand of paralysis (12)
 D - a wand of iceblast (14)
 L - a wand of polymorph (12)
 S - a wand of enslavement (11)
 V - a wand of acid (10)
 X - a wand of digging (4)
Scrolls
 f - 2 scrolls of blinking
 i - 11 scrolls of remove curse
 l - 3 scrolls of teleportation
 o - 2 scrolls of amnesia
 u - a scroll of immolation
 x - 2 scrolls of fear
 y - 3 scrolls of fog
 B - a scroll of magic mapping
 E - a scroll of enchant armour
 G - 2 scrolls of vulnerability
Potions
 a - 2 potions of brilliance
 g - 2 potions of cancellation
 h - 2 potions of magic
 j - a potion of might
 k - 4 potions of degeneration {unknown}
 p - 3 potions of heal wounds
 t - a potion of flight {unknown}
 F - 2 potions of lignification {unknown}
 J - 3 potions of curing
 K - a potion of haste {unknown}
 M - a potion of mutation
Comestibles
 d - 23 rations


   Skills:
 - Level 8.1 Fighting
 - Level 11.5 Long Blades
 - Level 5.1 Throwing
 + Level 5.3 Dodging
 - Level 7.1 Shields
 - Level 7.6 Evocations


You had 10 spell levels left.
You didn't know any spells.
Your spell library contained the following spells:

 Spells                   Type           Power        Failure   Level  Hunger
 Magic Dart               Conj           #...         58%         1    ##.....
 Sandblast                Erth           #.....       58%         1    ##.....
 Passwall                 Tmut/Erth      #.......     75%         2    ###....
 Searing Ray              Conj           #.....       75%         2    ###....
 Dazzling Flash           Conj/Hex       #.....       92%         3    ####...
 Stone Arrow              Conj/Erth      #.....       92%         3    ####...
 Fulminant Prism          Conj/Hex       #.........   100%        4    #####..
 Iskenderun's Mystic Bla  Conj/Tloc      #.......     100%        4    #####..
 Petrify                  Tmut/Erth      #.......     100%        4    #####..
 Lee's Rapid Deconstruct  Erth           #.........   100%        5    ######.


Dungeon Overview and Level Annotations

Branches:
Dungeon (11/15)            Temple (0/1) D:7             Orc (0/2) D:9
Gauntlet (1/1)
   Lair: D:8-11

Altars:
Cheibriados
Dithmenos
Kikubaaqudgha
Makhleb
Trog
Vehumet
Xom
Yredelemnul
Zin
The Shining One

Shops:
D:7 !   D:10 }%*(

Annotations:
Gauntlet 6 transporters, 2 runed translucent doors


Innate Abilities, Weirdness & Mutations

You cannot wear most types of armour.
You are very stealthy in the water. (Stealth+)
You are amphibious.
You can wear up to eight rings at the same time.
You can use your tentacles to constrict eight enemies at once.
Your skin changes colour to match your surroundings (Stealth+).
Your rubbery body absorbs attacks. (AC +1, EV +1)
You are dopey. (Int -2)


Message History

A minotaur comes into view.
It is wielding the +7 pair of quick blades "Gyre" and "Gimble" {protect}, wearing a +3 ring mail of magic resistance, wearing the cursed necklace of Bloodlust {*Rage +Rage MR++ Int-3 Slay+6 *Curse} and quivering 13 silver javelins.
Found a knobbly runed staff.
Found a gate leading back out of this place.
There is an open door here.
The minotaur bellows!
You hit the minotaur. Lightning courses through the minotaur!
Your grab misses the minotaur.
The minotaur is moderately wounded.
The minotaur hits you with the +7 quick blade "Gyre" {protect}!!
The minotaur hits you with the +7 quick blade "Gimble" {protect}.
The minotaur gores you.
Unknown command.
You hit the minotaur. Your grab misses the minotaur.
The minotaur is moderately wounded.
The minotaur goes berserk!
You block the minotaur's attack. x2
The minotaur closely misses you.
The minotaur hits you with the +7 quick blade "Gyre" {protect}!!!
* * * LOW HITPOINT WARNING * * *
The minotaur hits you with the +7 quick blade "Gimble" {protect}!!
You die...

####### #≈≈≈≈≈#
#≈≈∩≈≈# #≈H..≈#
###@### #.....#
#######'######
#.............#
#.###.###.###.#
#.###.###.###.#
#.............#
###.###.###.###
##.###.###.#####


You could see a minotaur (berserk).

Vanquished Creatures
  Harold (D:10)
  A hell hog (Gauntlet)
  A necromancer (Gauntlet)
  A shining eye (Gauntlet)
  2 trolls (D:9)
  2 hippogriffs (D:8)
  A vampire (D:9)
  4 fire bats (Gauntlet)
  A golden eye (Gauntlet)
  Menkaure (D:4)
  4 wargs (D:9)
  3 hell hounds (Gauntlet)
  3 orc warriors
  4 sky beasts
  4 ice beasts
  A phantom (D:8)
  7 ogres
  2 necrophages (D:9)
  6 wolves (Gauntlet)
  2 centaurs
  A big kobold (D:10)
  5 bullfrogs
  A gnoll sergeant (D:7)
  4 scorpions
  A water moccasin skeleton (D:9)
  3 killer bees (D:6)
  8 wights
  2 howler monkeys
  5 crimson imps
  10 jellies
  2 bullfrog zombies (D:6)
  A centaur zombie (D:7)
  A hound (D:5)
  3 orc priests
  3 bullfrog skeletons
  A centaur skeleton (D:10)
  4 iguanas
  Terence (D:2)
  9 orc wizards
  14 worker ants
  A hound zombie (D:5)
  3 hound skeletons
  2 worker ant zombies
  15 gnolls
  2 howler monkey skeletons
  11 adders
  2 shadow imps (D:7)
  5 oozes (D:8)
  An adder skeleton (D:7)
  3 worms
  3 leopard geckos
  37 orcs
  A bat zombie (D:1)
  10 giant cockroaches
  6 goblins
  8 hobgoblins
  6 jackals
  11 kobolds
  3 quokkas
  7 ball pythons
  6 bats
  7 frilled lizards
  A giant cockroach zombie (D:1)
  2 leopard gecko skeletons
  8 rats
291 creatures vanquished.

Vanquished Creatures (others)
  A withered plant (Gauntlet)
1 creature vanquished.

Grand Total: 292 creatures vanquished

Notes
Turn   | Place    | Note
-------+----------+-------------------------------------------
     0 | D:1      | hapalochlaena the Octopode Fighter began the quest for the
                  | Orb.
     0 | D:1      | Reached XP level 1. HP: 16/16 MP: 1/1
   169 | D:1      | Reached XP level 2. HP: 21/21 MP: 2/2
   414 | D:1      | Reached skill level 3 in Long Blades
   635 | D:1      | Reached XP level 3. HP: 25/26 MP: 3/3
  1052 | D:2      | Noticed Terence
  1059 | D:2      | Killed Terence
  1059 | D:2      | Reached skill level 4 in Long Blades
  1059 | D:2      | Reached XP level 4. HP: 6/31 MP: 4/4
  1441 | D:2      | Noticed a bullfrog
  1444 | D:2      | Killed a bullfrog
  1444 | D:2      | Reached skill level 5 in Long Blades
  1444 | D:2      | Reached XP level 5. HP: 31/36 MP: 5/5
  1568 | D:2      | Found a burning altar of Makhleb.
  1574 | D:2      | Found a basalt altar of Yredelemnul.
  2359 | D:3      | Noticed an ogre
  2368 | D:2      | Reached skill level 6 in Long Blades
  2374 | D:2      | Reached XP level 6. HP: 37/42 MP: 6/6
  3001 | D:3      | Reached skill level 7 in Long Blades
  3249 | D:3      | Reached XP level 7. HP: 46/46 MP: 7/7
  3504 | D:3      | Found a glowing silver altar of Zin.
  3967 | D:4      | Noticed Menkaure
  3982 | D:4      | Killed Menkaure
  4361 | D:4      | Reached skill level 5 in Shields
  4472 | D:5      | Entered Level 5 of the Dungeon
  4490 | D:5      | Found the brooch of Shielding {Spirit SH+8}
  4751 | D:5      | Reached XP level 8. HP: 25/54 MP: 4/8
  5040 | D:5      | Reached skill level 5 in Fighting
  5592 | D:5      | Reached skill level 1 in Throwing
  5946 | D:5      | Found a radiant altar of Vehumet.
  5974 | D:5      | Found a shimmering altar of Xom.
  6476 | D:6      | Found a bloodstained altar of Trog.
  6479 | D:6      | Found a shadowy altar of Dithmenos.
  6482 | D:6      | Found a snail-covered altar of Cheibriados.
  6587 | D:6      | Found an ancient bone altar of Kikubaaqudgha.
  6650 | D:6      | Reached skill level 5 in Throwing
  6691 | D:6      | Reached XP level 9. HP: 45/62 MP: 8/10
  6878 | D:6      | Became a worshipper of Dithmenos the Shadowed
  7499 | D:6      | Found a glowing golden altar of the Shining One.
  7512 | D:6      | Reached skill level 5 in Evocations
  7626 | D:7      | Found Pemyme's Distillery.
  7686 | D:7      | Bought a potion of curing for 45 gold pieces
  7686 | D:7      | Bought 2 potions of heal wounds for 150 gold pieces
  8115 | D:7      | Found a staircase to the Ecumenical Temple.
  8222 | D:7      | Reached * piety under Dithmenos
  8379 | D:7      | Reached XP level 10. HP: 64/68 MP: 13/15
  8897 | D:8      | Reached skill level 8 in Long Blades
  9439 | D:9      | Found a staircase to the Orcish Mines.
  9452 | D:9      | Reached ** piety under Dithmenos
  9457 | D:9      | Reached skill level 9 in Long Blades
  9787 | D:9      | Reached skill level 10 in Long Blades
 10594 | D:10     | Entered Level 10 of the Dungeon
 10734 | D:10     | Found Ydaezax's Weapon Shoppe.
 10923 | D:10     | Found Zucreceb's Gadget Boutique.
 10929 | D:10     | Bought a wand of acid (11) for 360 gold pieces
 10982 | D:10     | Reached XP level 11. HP: 77/77 MP: 16/16
 11041 | D:10     | Reached *** piety under Dithmenos
 11078 | D:10     | Identified a scroll of acquirement
 11114 | D:10     | Found Hitraycsa's Food Emporium.
 11187 | D:10     | Found Wiar Qeph's Assorted Antiques.
 11204 | D:10     | Bought a scroll labeled USUJIU TOAST for 29 gold pieces
 11292 | D:10     | Noticed Harold
 11578 | D:10     | Killed Harold
 11950 | D:11     | Found a gate leading to a gauntlet.
 11964 | Gauntlet | Entered a Gauntlet
 11964 | Gauntlet | Found a transporter.
 11964 | Gauntlet | Found a transporter.
 11964 | Gauntlet | Noticed a shining eye
 11966 | Gauntlet | Found a transporter.
 11970 | Gauntlet | Found a transporter.
 11970 | Gauntlet | Found a transporter.
 11970 | Gauntlet | Found a transporter.
 11989 | Gauntlet | Found a runed translucent door.
 12018 | Gauntlet | Noticed a death ooze
 12033 | Gauntlet | Found a transporter.
 12034 | Gauntlet | Found a transporter.
 12038 | Gauntlet | Found a runed translucent door.
 12040 | Gauntlet | Found a runed translucent door.
 12042 | Gauntlet | Found a transporter.
 12135 | Gauntlet | Noticed a necromancer
 12139 | Gauntlet | Found a transporter.
 12143 | Gauntlet | Found a transporter.
 12145 | Gauntlet | Noticed a hell hog
 12155 | Gauntlet | Found a transporter.
 12227 | Gauntlet | Gained mutation: You are dopey. (Int -2) [a shining eye]
 12231 | Gauntlet | Killed a shining eye
 12231 | Gauntlet | Reached skill level 11 in Long Blades
 12286 | Gauntlet | Killed a necromancer
 12566 | Gauntlet | Killed a hell hog
 12566 | Gauntlet | Reached skill level 5 in Dodging
 12702 | Gauntlet | Noticed a minotaur
 12707 | Gauntlet | Slain by a minotaur

Illustrated notes

Levels and vault maps discovered:
D:1:      saegor_arrival_fortress, layout_basic
D:2:      layout_loops_ring, lemuel_crystal_altar, first_ration,
          yredelemnul_altar_generic, uniq_terence
D:3:      layout_rooms, zin_academy, minmay_quantized
D:4:      layout_rooms, uniq_menkaure
D:5:      minmay_polygon_palace, layout_basic, fiery_altar_vehumet,
          kennysheep_mini, portal_sewer_entry_b
D:6:      layout_loops_ring, nicolae_tso_swordbearing_angel,
          grunt_temple_overflow_cloverleaf, kennysheep_small_square
D:7:      layout_rooms, minmay_temple_entry_poolview, serial_shops,
          nicolae_shop_waterfront, kennysheep_generic_room_11
D:8:      layout_gridville, hangedman_little_slice_of_home
D:9:      layout_loops_ring, minmay_orc_entry_guard_dogs
D:10:     layout_grid_maze, serial_shops, nicolae_shop_statue_plus,
          nicolae_shop_temple_entry_statues_fountains, shop_coins,
          kennysheep_mini_moat, minmay_variable_closet,
          hangedman_abyss_or_decor_slice, uniq_harold
D:11:     layout_long_grid, erik_lair_island, gauntlet_entry_generic, uniq_grum,
          uniq_josephine
Gauntlet: minmay_gauntlet_77_indecision [minmay_gauntlet_arena_77_two_paths,
          minmay_gauntlet_arena_77_path,
          minmay_gauntlet_arena_77_chump_sandwich,
          minmay_gauntlet_arena_77_braids, minmay_gauntlet_arena_77_cramped,
          minmay_gauntlet_arena_77_tiled_triplets, gauntlet_exit_watery]

Skill      XL: |  1  2  3  4  5  6  7  8  9 10 11 |
---------------+----------------------------------+-----
Long Blades    | 3 4 5 6 7 10 11 | 11.5
Shields        | 5 6 7 |  7.1
Fighting       | 5 7 8 |  8.1
Throwing       | 5 |  5.1
Evocations     | 2 7 |  7.6
Dodging        | 5 |  5.3

Action                   |  1- 3 |  4- 6 |  7- 9 | 10-12 || total
-------------------------+-------+-------+-------+-------++-------
Melee: Long sword        |    49 |    89 |   322 |   173 ||   633
       Tentacles         |    13 |    20 |    75 |    59 ||   167
       Constrict         |    13 |    32 |    71 |    38 ||   154
       Double sword      |       |       |       |    44 ||    44
       Unarmed           |       |       |       |     8 ||     8
Throw: Dart              |       |     9 |    70 |    30 ||   109
       Boomerang         |       |       |    12 |    23 ||    35
       Javelin           |       |       |     7 |    11 ||    18
Evoke: Wand              |       |       |       |     4 ||     4
  Use: Potion            |       |     1 |     2 |     2 ||     5
       Scroll            |       |       |     9 |     9 ||    18
 Stab: Sleeping          |     6 |     2 |     5 |     8 ||    21
       Invisible         |       |       |     1 |       ||     1
       Distracted        |       |       |       |     1 ||     1
  Eat: Chunk             |       |     7 |    17 |    10 ||    34
       Ration            |       |       |       |     1 ||     1
Armor: Skin              |     3 |     9 |    21 |    29 ||    62
Dodge: Dodged            |    21 |    50 |    92 |    79 ||   242
Block: Kite shield       |    16 |    58 |   261 |   204 ||   539
       Rpst.: Long sword |     5 |    18 |    15 |    18 ||    56
       Double sword      |       |       |       |     7 ||     7
